 Dungeon Crawl Stone Soup version 0.15.2 (webtiles) character file.

1700 Heini the Protected (level 8, -1/75 HPs)
             Began as a Minotaur Fighter on Oct 13, 2014.
             Was an Initiate of Okawaru.
             Slain by a killer bee (8 damage)
             ... on Level 7 of the Dungeon on Nov 17, 2014.
             The game lasted 00:17:37 (5591 turns).

Heini the Protected (Minotaur Fighter)              Turns: 5591, Time: 00:17:37

HP  -1/75        AC  8     Str 27      XL: 8   Next: 73%
MP   3/3         EV  7     Int  5      God: Okawaru [......]
Gold 325         SH 10     Dex  9      Spells:  0 memorised,  7 levels left

rFire  x . .     SeeInvis .     a - +1 flail
rCold  + . .     Clarity  .     b - +0 scale mail
rNeg   . . .     rCorr    .     c - +0 shield
rPois  .         rRot     .     (helmet restricted)
rElec  .         Spirit   .     (no cloak)
SustAb .         Warding  .     (no gloves)
rMut   +         Stasis   .     (no boots)
Gourm  .                        r - amulet of resist mutation
MR     .....                    n - +3 ring of strength
                                f - ring of ice

@: lethally poisoned, very slightly contaminated, not resistant to hostile
enchantments, extremely unstealthy
A: retaliatory headbutt, horns 2
a: Renounce Religion


You were on level 7 of the Dungeon.
You worshipped Okawaru.
Okawaru was noncommittal.
You were not hungry.

You visited 2 branches of the dungeon, and saw 9 of its levels.

You collected 325 gold pieces.

Inventory:

Hand weapons
 a - a +1 flail (weapon)
Armour
 b - a +0 scale mail (worn)
 c - a +0 shield (worn)
 A - a +1 hat
 D - a +0 plate armour
Magical devices
 w - a wand of frost (11) {unknown}
 y - a wand of disintegration (6) {unknown}
 z - a wand of enslavement (8) {unknown}
Comestibles
 d - 8 bread rations
 h - 3 meat rations
 o - 2 beef jerkies
 B - 13 fruits
 C - a chunk of orc flesh
 I - 2 rotting chunks of orc flesh
 L - a slice of pizza
Scrolls
 i - 3 scrolls of remove curse
 l - a scroll of enchant armour
 p - a scroll of enchant weapon
 F - 4 scrolls of identify
 J - a scroll of fog
Jewellery
 f - a ring of ice (left hand)
 n - a +3 ring of strength (right hand)
 r - an amulet of resist mutation (around neck)
 x - a cursed -2 ring of strength
Potions
 e - 2 potions of might
 g - 2 potions of agility
 j - 2 potions of brilliance
 k - a potion of invisibility {unknown}
 m - a potion of porridge
 s - a potion of degeneration {unknown}
 v - a potion of restore abilities
 E - a potion of lignification {unknown}
 G - 2 potions of curing {unknown}
 H - a potion of flight {unknown}


   Skills:
 * Level 8.4 Fighting
 * Level 8.2 Maces & Flails
 * Level 8.6 Armour
 - Level 3.6 Shields


You had 7 spell levels left.
You didn't know any spells.

Dungeon Overview and Level Annotations

Branches:
Dungeon (8/15)             Temple (1/1) D:6
   Lair: D:8-11

Altars:
Ashenzari
Dithmenos
Elyvilon
Fedhas
Kikubaaqudgha
Makhleb
Nemelex Xobeh
Okawaru
Qazlal
Sif Muna
Trog
Vehumet
Xom
Yredelemnul
Zin
The Shining One
Lugonu


Innate Abilities, Weirdness & Mutations

You reflexively headbutt those who attack you in melee.
You have a pair of horns on your head.


Message History

You feel sick. You block the killer bee's attack. The killer bee stings you.
* * * LOW HITPOINT WARNING * * *
You block the killer bee's attack.
Drink which item? (? for menu, Esc to quit)
Okay, then.
Read which item? (? for menu, Esc to quit)
Blink to where?
Press: ? - help, Dir - move target cursor
As you read the scroll of blinking, it crumbles to dust.
You are very lightly contaminated with residual magic.
You feel sick.
You feel sick.
You feel sick.
Drink which item? (? for menu, Esc to quit)
You feel refreshed.
It was a potion of restore abilities.
You feel sick. The killer bee stings you.
* * * LOW HITPOINT WARNING * * *
You are more poisoned.
The killer bee poisons you! The killer bee stings you!
You die...

#.......#...#..................
######'##...#..................
#......'...'......##...####+##
#.....##...####..(##'####>..##
#.....##...####'####...#.....#
#.....##...............#.....#
#....|##...............#.....#
#......................#.....#
#ยง..........y@.....<...#.....#
#>..........y..........#.....'
#......................'.....#
##############################


You could see 2 killer bees.

Vanquished Creatures
  A spriggan (D:7)
  2 phantoms
  An ogre (D:5)
  3 centaurs
  A scorpion (D:6)
  2 killer bees (D:8)
  3 wights (D:7)
  2 crimson imps
  4 hounds
  3 orc priests
  2 iguanas
  5 orc wizards
  2 worker ants
  An ogre zombie (D:5)
  A sky beast zombie (D:6)
  A hound zombie (D:5)
  5 adders
  3 gnolls (D:7)
  2 shadow imps
  A giant mite (D:2)
  3 worms
  An adder zombie (D:5)
  An orc zombie (D:7)
  3 giant geckos
  2 oozes
  19 orcs
  2 ball pythons
  A bat skeleton (D:4)
  5 giant cockroaches
  2 gnoll zombies (D:4)
  13 hobgoblins
  4 quokkas
  14 bats
  4 giant newts
  A giant newt skeleton (D:5)
  A gnoll skeleton (D:6)
  8 goblins
  9 kobolds
  A kobold skeleton (D:4)
  An orc skeleton (D:5)
  11 rats
  A rat skeleton (D:6)
152 creatures vanquished.

Notes
Turn   | Place    | Note
--------------------------------------------------------------
     0 | D:1      | Heini, the Minotaur Fighter, began the quest for the Orb.
     0 | D:1      | Reached XP level 1. HP: 19/19 MP: 1/1
     0 | D:1      | Upgraded the game from 0.15.1-4-gac8487e to 0.15.2
   184 | D:1      | Reached skill level 4 in Fighting
   245 | D:1      | Reached XP level 2. HP: 20/27 MP: 1/1
   848 | D:2      | Found a shadowy altar of Dithmenos.
   943 | D:2      | Reached XP level 3. HP: 26/34 MP: 2/2
  1137 | D:2      | Found a radiant altar of Vehumet.
  1619 | D:3      | Found a deep blue altar of Sif Muna.
  1690 | D:3      | Found a blossoming altar of Fedhas.
  1715 | D:3      | Reached XP level 4. HP: 41/41 MP: 2/2
  1870 | D:3      | Found a glowing silver altar of Zin.
  2123 | D:3      | Reached skill level 5 in Armour
  2484 | D:4      | Noticed a phantom
  2491 | D:4      | Killed a phantom
  2491 | D:4      | Reached skill level 5 in Fighting
  2491 | D:4      | Reached XP level 5. HP: 41/48 MP: 2/2
  2913 | D:4      | Found a shimmering altar of Xom.
  2942 | D:4      | Found a basalt altar of Yredelemnul.
  3054 | D:4      | Found a glowing golden altar of the Shining One.
  3217 | D:4      | Reached skill level 6 in Armour
  3217 | D:4      | Reached XP level 6. HP: 57/57 MP: 3/3
  3370 | D:5      | Entered Level 5 of the Dungeon
  3390 | D:5      | Found a bloodstained altar of Trog.
  3665 | D:5      | Reached skill level 7 in Armour
  3665 | D:5      | Reached XP level 7. HP: 57/63 MP: 3/3
  3688 | D:5      | Found a burning altar of Makhleb.
  3853 | D:5      | Reached skill level 5 in Maces & Flails
  4527 | D:6      | Found a staircase to the Ecumenical Temple.
  4540 | Temple   | Entered the Ecumenical Temple
  4554 | Temple   | Became a worshipper of Warmaster Okawaru
  4761 | D:7      | Found a stormy altar of Qazlal.
  4877 | D:7      | Reached XP level 8. HP: 63/73 MP: 3/3
  4907 | D:7      | Reached skill level 8 in Armour
  5180 | D:7      | Noticed a spriggan baker
  5190 | D:7      | Killed a spriggan baker
  5283 | D:7      | Found an ancient bone altar of Kikubaaqudgha.
  5573 | D:8      | Noticed a fire drake
  5591 | D:7      | Slain by a killer bee

Action                   |  1- 3 |  4- 6 |  7- 9 || total
-------------------------+-------+-------+-------++-------
Melee: Flail             |    87 |   116 |   225 ||   428
  Use: Scroll            |     2 |    11 |     1 ||    14
       Potion            |       |       |     4 ||     4
  Eat: Chunk             |     3 |     6 |     6 ||    15
